 Dungeon Crawl Stone Soup version 0.30-a0-292-g0f741e3f8e (webtiles) character file.

Game seed: 557731794163459927

474 Flugkiller the Sneak (level 7, 0/49 HPs)
             Began as an Octopode Delver on Oct 17, 2022.
             Slain by a scorpion (6 damage)
             ... on level 5 of the Dungeon.
             The game lasted 00:03:17 (3333 turns).

Flugkiller the Sneak (Octopode Delver)              Turns: 3333, Time: 00:03:18

Health: 0/49       AC:  1    Str: 12    XL:     7   Next: 10%
Magic:  7/7        EV: 15    Int: 12    God:
Gold:   164        SH:  0    Dex: 15    Spells: 6/6 levels left

rFire   . . .      SeeInvis .    a - +0 short sword
rCold   . . .      Faith    .    (no shield)
rNeg    . . .      Spirit   .    (helmet restricted)
rPois   .          Reflect  .    i - amulet of regeneration
rElec   .          Harm     .    (no ring)
rCorr   .          Rampage  .    (no ring)
Will    .....                    (no ring)
Stlth   ++++......               (no ring)
HPRegen 1.08/turn                (no ring)
MPRegen 0.10/turn                (no ring)
                                 (no ring)
                                 (no ring)

@: brilliant, lethally poisoned (0 -> -2)
A: almost no armour, amphibious, 8 rings, camouflage 1, gelatinous body 1,
(nimble swimmer 1), tentacles
a: no special abilities


You were on level 5 of the Dungeon.
You visited 1 branch of the dungeon, and saw 5 of its levels.

You collected 164 gold pieces.

Inventory:

Hand Weapons
 a - a +0 short sword (weapon)
Missiles
 o - 13 poisoned darts (quivered)
Jewellery
 i - an amulet of regeneration (around mantle)
   (You found it on level 3 of the Dungeon)
Wands
 e - a wand of flame (27)
   (You found it on level 5 of the Dungeon)
 f - a wand of digging (3)
 k - a wand of iceblast (9)
   (You found it on level 3 of the Dungeon)
Scrolls
 b - a scroll of fog
 c - 2 scrolls of magic mapping
 d - 2 scrolls of fear
 g - a scroll of poison {unknown}
 l - a scroll of brand weapon
 m - a scroll of butterflies {unknown}
 r - a scroll of identify
 s - 2 scrolls of immolation {unknown}
 t - a scroll of teleportation
 v - a scroll of silence {unknown}
 w - a scroll of noise {unknown}
 z - 2 scrolls of blinking
Potions
 h - 2 potions of haste
 n - a potion of resistance
 p - a potion of lignification {unknown}
 u - a potion of mutation {unknown}
 x - a potion of flight {unknown}


   Skills:
 + Level 4.6 Fighting
 + Level 4.6 Short Blades
 - Level 5.0 Dodging
 - Level 6.6 Stealth


You had 6 spell levels left.
You didn't know any spells.
Your spell library contained the following spells:

 Spells                   Type           Power      Damage    Failure   Level
 Apportation              Tloc           0%         N/A       32%         1
 Necrotise                Necr           0%         1d4       32%         1
 Summon Small Mammal      Summ           0%         N/A       32%         1


Dungeon Overview and Level Annotations

Branches:
Dungeon (5/15) Zot: 24700
 Temple: D:4-7

Altars:
Trog
The Shining One

Shops:
D:2 (

Annotations:
D:4 Grinder


Innate Abilities, Weirdness & Mutations

You cannot wear most types of armour.
You are amphibious.
You can wear up to eight rings at the same time.
Your skin changes colour to match your surroundings (Stealth+).
Your rubbery body absorbs attacks. (AC +1, EV +1)
((You are camouflaged when in or above water. (Stealth+)))
You have tentacles for arms and can constrict up to eight enemies at once.


Message History

Found a chain mail.
A scorpion is nearby!
An adder comes into view.
Found an escape hatch in the floor.
Found a chain mail and a green potion.
The helpless adder fails to defend itself.
You impale the adder!!
You kill the adder!
You have reached level 7!
x - a green potion A howler monkey comes into view.
The howler monkey howls!
A howler monkey is nearby!
The howler monkey hoots and howls with incredible vigour!
Found a potion of curing.
The howler monkey barely misses you.
You barely miss the howler monkey. You grab the howler monkey.
You squeeze the howler monkey, but do no damage.
You constrict the howler monkey. The howler monkey closely misses you.
You hit the howler monkey.
The howler monkey is lightly wounded.
You constrict the howler monkey. The howler monkey barely misses you.
You hit the howler monkey but do no damage.
You squeeze the howler monkey!
The howler monkey is severely wounded.
You constrict the howler monkey. The howler monkey hits you!
You hit the howler monkey.
You kill the howler monkey!
No target in view!
No target in view!
No target in view!
You see here a howler monkey corpse.
A scorpion is nearby!
A scorpion is nearby!
A scorpion is nearby!
A centaur comes into view.
The centaur wields a +0 shortbow.
The centaur shoots an arrow.
The arrow hits you!
The centaur shoots an arrow.
The arrow barely misses you.
You see here a howler monkey corpse.
The centaur shoots an arrow.
The arrow barely misses you.
The centaur shoots an arrow.
The arrow hits you!
The centaur unwields a +0 shortbow.
The centaur barely misses you. The centaur closely misses you.
You closely miss the scorpion. You grab the scorpion.
You squeeze the scorpion, but do no damage.
You constrict the scorpion, but do no damage.
The centaur completely misses you. The centaur kicks you.
The scorpion stings you!
You are poisoned.
The scorpion poisons you!
You are too injured to fight recklessly!
You are too injured to fight recklessly!
You are too injured to fight recklessly!
You are too injured to fight recklessly!
You are too injured to fight recklessly!
You are too injured to fight recklessly!
You are too injured to fight recklessly!
You are too injured to fight recklessly!
You hit the centaur.
The centaur is lightly wounded.
You constrict the scorpion.
You feel very sick. The centaur closely misses you. The centaur kicks you.
The scorpion closely misses you.
You hit the scorpion but do no damage.
The scorpion is lightly wounded.
You constrict the scorpion.
You feel sick. The centaur barely misses you. The centaur kicks you.
The scorpion stings you.
You are more poisoned.
The scorpion poisons you!
You hit the scorpion but do no damage.
The scorpion is moderately wounded.
You constrict the scorpion.
You feel very sick. The centaur misses you.
The centaur kicks you but does no damage.
The scorpion barely misses you. The centaur closely misses you.
The centaur barely misses you.
You feel better.
You constrict the scorpion. The centaur barely misses you.
The centaur completely misses you. The scorpion stings you.
You are poisoned.
The scorpion poisons you!
You hit the scorpion but do no damage.
The scorpion is heavily wounded.
You constrict the scorpion.
You feel sick. The centaur barely misses you. The centaur kicks you.
The scorpion stings you!
* * * LOW HITPOINT WARNING * * *
You hit the scorpion but do no damage. You squeeze the scorpion.
The scorpion is heavily wounded.
You constrict the scorpion.
You feel sick. The centaur hits you.
* * * LOW HITPOINT WARNING * * *
The centaur kicks you.
* * * LOW HITPOINT WARNING * * *
You feel clever all of a sudden.
You constrict the scorpion, but do no damage.
You feel sick. The centaur barely misses you. x2
The scorpion closely misses you. The centaur barely misses you.
The centaur kicks you.
* * * LOW HITPOINT WARNING * * *
The scorpion stings you.
You die...

#.#.#####....##..# #.#
#....##..# ##.#
#...†##..## ...#
#......... .###
#.....#[.##.### ...#.#
#.....#....... .#.#.#
#.....#.###.##
.#.#.#####.....sc.....#
.#.#....##......@.....#
.#.#....##............####
.#.#....#####.............
##.#....#####....†....###
#..........#.........#
####......#.#...###...#
..)#.#.##.#.#...# #...#
##.#.#.##.#.#...# #...#
...#.#.##.#.#.........#


You could see a centaur and a scorpion.

Vanquished Creatures
  Menkaure (D:4)
  2 howler monkeys (D:5)
  2 orc priests (D:5)
  3 iguanas (D:5)
  4 adders
  5 dart slugs
  2 worms (D:3)
  10 orcs
  11 ball pythons
  4 bats
  6 endoplasms
  A giant cockroach (D:3)
  7 goblins
  6 hobgoblins
  4 jackals (D:4)
  3 quokkas (D:2)
  5 frilled lizards
  4 kobolds
  4 rats (D:1)
84 creatures vanquished.

Notes
Turn   | Place    | Note
-------+----------+-------------------------------------------
     0 | D:5      | Flugkiller the Octopode Delver began the quest for the Orb.
     0 | D:5      | Reached XP level 1. HP: 16/16 MP: 1/1
    13 | D:5      | Noticed an iguana
    22 | D:5      | Killed an iguana
    23 | D:5      | Reached XP level 2. HP: 6/21 MP: 2/2
    23 | D:5      | Reached XP level 3. HP: 8/26 MP: 3/3
   102 | D:4      | Noticed Grinder
   141 | D:5      | Noticed a scorpion
   158 | D:5      | Reached XP level 4. HP: 26/31 MP: 4/4
   435 | D:4      | Noticed Menkaure
   442 | D:4      | Killed Menkaure
   443 | D:4      | Reached skill level 5 in Dodging
   443 | D:4      | Reached XP level 5. HP: 20/37 MP: 5/5
   443 | D:4      | Reached XP level 6. HP: 24/43 MP: 6/6
  1893 | D:2      | Found Ziazu Adue's Antique Weapon Shop.
  2602 | D:3      | Noticed a black bear
  2923 | D:4      | Found a glowing golden altar of the Shining One.
  3203 | D:5      | Found a bloodstained altar of Trog.
  3296 | D:5      | Reached XP level 7. HP: 49/49 MP: 7/7
  3333 | D:5      | Slain by a scorpion

Illustrated notes

Levels and vault maps discovered:
D:1:      grunt_arrival_lava_bath, layout_loops_corners
D:2:      layout_basic, serial_shops, nicolae_shop_hallway_stairs
D:3:      layout_rooms, chequers_jeans, lightli_corner_chamber
D:4:      layout_loops_cross, nicolae_tso_carved_into_rock, uniq_menkaure,
          uniq_grinder
D:5:      layout_basic, kennysheep_mini, mainiacjoe_overflow_cross_hatched,
          gammafunk_temple_overflow_statue

Skill      XL: |  1  2  3  4  5  6 |
---------------+-------------------+-----
Dodging        | 3 4 5 |  5.0
Short Blades   | 3 4 |  4.6
Fighting       | 4 |  4.6
Stealth        | |  6.6

Action                   |  1- 3 |  4- 6 |  7- 9 || total
-------------------------+-------+-------+-------++-------
Melee: Short sword       |    10 |   157 |    10 ||   177
       Tentacles         |     4 |    41 |     4 ||    49
       Constrict         |     3 |    33 |     2 ||    38
       Punch             |       |     2 |       ||     2
  Use: Scroll            |       |     5 |       ||     5
       Potion            |       |       |     2 ||     2
 Stab: Sleeping          |     1 |    28 |       ||    29
Armor: Skin              |       |     5 |     1 ||     6
Dodge: Dodged            |     4 |    91 |    22 ||   117

Table legend: (Time is in decaauts)
 A = Elapsed time spent in this place.
 B = Non-inter-level travel time spent in this place.
 C = Inter-level travel time spent in this place.
 D = Time resting spent in this place.
 E = Time spent auto-exploring this place.
 F = Levels seen in this place.
 G = Mean time per level.
                   A        B        C        D        E       F      G
               +--------+--------+--------+--------+--------+-----+--------+
         Total |   3303 |   3165 |    138 |    294 |   2076 |   5 |  660.6 |
       Dungeon |   3303 |   3165 |    138 |    294 |   2076 |   5 |  660.6 |
               +--------+--------+--------+--------+--------+-----+--------+

Top non-repeatable levels by time:
     D:1: 851 daAuts
     D:3: 712 daAuts
     D:4: 673 daAuts
     D:2: 539 daAuts
     D:5: 526 daAuts
